 Dungeon Crawl Stone Soup version 0.23-a0-729-g94ec0301e6 (webtiles) character file.

35 d213c1o1 the Grasshopper (level 3, 0/28 HPs)
             Began as a Formicid Warper on Jan 17, 2019.
             Slain by Sigmund
             ... wielding a +5 scythe of slicing
              (3 damage)
             ... on level 2 of the Dungeon.
             The game lasted 00:12:34 (687 turns).

d213c1o1 the Grasshopper (Formicid Warper)           Turns: 687, Time: 00:12:35

Health: 0/28       AC:  5    Str: 15    XL:     3   Next: 52%
Magic:  6/6        EV: 11    Int: 12    God:
Gold:   55         SH:  0    Dex: 11    Spells: 7/7 levels left

rFire    . . .     SeeInvis +   a - +0 short sword
rCold    . . .     Gourm    .   (no shield)
rNeg     . . .     Faith    .   j - +0 ring mail
rPois    .         Spirit   .   (helmet unavailable)
rElec    .         Reflect  .   (no cloak)
rCorr    .         Harm     .   (no gloves)
MR       .....                  (no boots)
Stlth    ..........             (no amulet)
HPRegen  0.09/turn              (no ring)
MPRegen  0.10/turn              (no ring)

@: confused, flying
A: permanent stasis, dig shafts and tunnels, four strong arms, antennae 3
a: Dig, Shaft Self


You were on level 2 of the Dungeon.
You were not hungry.

You visited 1 branch of the dungeon, and saw 2 of its levels.

You collected 55 gold pieces.

Inventory:

Hand Weapons
 a - a +0 short sword (weapon)
 h - a +0 club
 i - a +0 short sword
 n - a +0 club
 o - a +0 club
 p - a +0 short sword
 q - a +0 hunting sling
 t - a +0 club
Missiles
 e - 2 tomahawks of dispersal (quivered)
 s - 27 sling bullets
 u - 12 poisoned needles
Armour
 b - a +0 leather armour
 j - a +0 ring mail (worn)
Scrolls
 d - a scroll of blinking
 r - 3 scrolls of magic mapping {unknown}
 v - a scroll of immolation {unknown}
Potions
 l - a potion of ambrosia
Comestibles
 f - 2 rations


   Skills:
 + Level 2.5 Fighting
 + Level 2.6 Short Blades
 + Level 1.1 Throwing
 + Level 1.4 Armour
 + Level 2.1 Dodging
 + Level 2.5 Spellcasting
   Level 2.6 Translocations


You had 7 spell levels left.
You didn't know any spells.
Your spell library contained the following spells:

 Spells                   Type           Power        Failure   Level  Hunger
 Shroud of Golubria       Chrm/Tloc      #.........   41%         2    ###....
 Gell's Gravitas          Tloc           #.........   45%         3    ###....
 Lesser Beckoning         Tloc           #.........   45%         3    ###....
 Teleport Other           Tloc           #.......     45%         3    ###....
 Passage of Golubria      Tloc           N/A          86%         4    #####..
 Blink                    Tloc           Unusable     N/A         2    N/A

Dungeon Overview and Level Annotations

Branches:
Dungeon (2/15)

Altars:

Annotations:
D:2 Sigmund


Innate Abilities, Weirdness & Mutations

You cannot be hasted, slowed, berserked, paralysed or teleported.
You can dig through walls and to a lower floor.
Your four strong arms can wield two-handed weapons with a shield.
You have a pair of large antennae on your head. (SInv)


Message History

You're too confused!
Drop what? 18/52 slots (_ for help) (? for menu, Esc to quit)
Okay, then.
You're too confused!
Unknown command.
Throwing (i - inventory)
e - 4 tomahawks of dispersal (quivered)
Press: ? - help, Shift-Dir - straight line, f - Sigmund, p - goblin
Aim: Sigmund, wielding a +5 scythe of slicing and wearing a +0 robe (lightly wounded, slightly transparent)
You throw a tomahawk of dispersal. The goblin shoots a stone.
The stone closely misses Sigmund.
The stone hits you.
* * * LOW HITPOINT WARNING * * *
Sigmund points at you and mumbles some strange words.
The puff of flame misses you.
Throwing (i - inventory)
e - 3 tomahawks of dispersal (quivered)
Press: ? - help, Shift-Dir - straight line, f/p - Sigmund
Aim: Sigmund, wielding a +5 scythe of slicing and wearing a +0 robe (lightly wounded, slightly transparent)
You throw a tomahawk of dispersal.
Sigmund hits you from afar with a +5 scythe of slicing!
* * * LOW HITPOINT WARNING * * *
You die...

..((.## .......
.^..... ..(@...
.....(. ....(..###
....!.g).#########
#((.@(@.<...#
##..#######......(.
#..... #########
#......[ #........#
#........#
##########


You could see Sigmund (invisible) and a goblin.

Vanquished Creatures
  An ooze (D:2)
  2 bats (D:1)
  A giant cockroach (D:1)
  4 goblins
  5 hobgoblins
  4 jackals (D:2)
  4 kobolds
  A ball python (D:1)
  A frilled lizard (D:1)
  3 rats
26 creatures vanquished.

Notes
Turn   | Place    | Note
-------+----------+-------------------------------------------
     0 | D:1      | d213c1o1 the Formicid Warper began the quest for the Orb.
     0 | D:1      | Reached XP level 1. HP: 16/16 MP: 3/3
   123 | D:1      | Reached XP level 2. HP: 20/22 MP: 5/5
   592 | D:2      | Reached XP level 3. HP: 24/28 MP: 6/6
   668 | D:2      | Noticed Sigmund
   682 | D:2      | HP: 1/28 [goblin/stone (4)]
   687 | D:2      | Slain by Sigmund

Vault maps used:
D:1:      lightli_arrival_noodles
D:2:      nicolae_overflow_crystal_walls, first_ration, uniq_jessica,
          uniq_sigmund

Skill      XL: |  1 |
---------------+----+-----
Dodging        | 2 |  2.1
Fighting       | |  2.5
Short Blades   | |  2.6
Throwing       | |  1.1
Armour         | |  1.4
Spellcasting   | |  2.5
Translocations | |  2.6

Action                   || total
-------------------------++-------
Melee: Short sword       ||   106
Throw: Stone             ||    44
       Tomahawk          ||     3
  Use: Potion            ||     3
Armor: Leather armour    ||     5
       Ring mail         ||    36
Dodge: Dodged            ||    60

Table legend:
 A = Non-vault XP
 B = Vault XP
 C = Vault XP percentage of total XP
 D = Non-vault monster count
 E = Vault monster count
 F = Vault count percentage of total count
                 A         B        C        D         E       F
            +---------+---------+-------+---------+---------+-------
      Total |      50 |       0 |   0.0 |      26 |       0 |   0.0
            +---------+---------+-------+---------+---------+-------
        D:1 |      27 |       0 |   0.0 |      16 |       0 |   0.0
        D:2 |      23 |       0 |   0.0 |      10 |       0 |   0.0
            +---------+---------+-------+---------+---------+-------
